 Dungeon Crawl Stone Soup version 0.29.1-15-g9cfb28693d (webtiles) character file.

Game seed: 4482670615180975727

2001272 FizzleBang the Slayer (level 25, 155/210 HPs)
             Began as a Demonspawn Arcane Marksman on Feb 26, 2023.
             Was the Champion of Ashenzari.
             Escaped with the Orb
             ... and 4 runes on Mar 4, 2023!
             The game lasted 11:50:32 (87709 turns).

FizzleBang the Slayer (Demonspawn Arcane Marksman) Turns: 87709, Time: 11:50:33

Health: 155/210    AC: 21    Str: 11    XL:     25   Next: 91%
Magic:  54/54      EV: 25    Int: 26    God:    Ashenzari [******]
Gold:   300        SH: 10    Dex: 23    Spells: 3/78 levels left

rFire   + + +      SeeInvis +   a - +3 hand crossbow "Restrained Sybil" {freeze, Self, Bglg} (curse)
rCold   + . .      Faith    .   B - +3 buckler "Gaze Upon Infinity" {rF+, Bglg, Cun} (curse)
rNeg    . . .      Spirit   .   R - +6 acid dragon scales of Star-Bound Wisdom {rCorr, Alch, Bglg} (curse)
rPois   +          Reflect  .   (helmet unavailable)
rElec   +          Harm     .   c - scarf of the Revealing Yoke {repulsion, Evo, Bglg} (curse)
rCorr   +          Rampage  .   q - +1 pair of gloves "Cursed Flawed Execution" {Self, Evo} (curse)
Will    .....      Clarity  +   Z - +1 pair of boots of Supernal Understanding {Elem, Self} (curse)
Stlth   +.........              o - amulet of Ashenzari's Yoke {Acrobat rElec, Self, Elem} (curse)
HPRegen 0.45/turn               X - ring of Supernal Knowledge {AC+4, Elem, Range} (curse)
MPRegen 0.34/turn               p - ring of the Ensconced Sage {rPois rF+++ rC+ Will- Str+3, Alch, Evo} (curse)

@: repel missiles
A: antennae 3, powered by death 3, powered by pain 3, big brain 3, corrupting
presence 2, agile 1, fire resistance 1, frail 1, weak 1
0: Orb of Zot
}: 4/15 runes: serpentine, barnacled, slimy, silver
a: Renounce Religion, Shatter the Chains


You escaped.
You worshipped Ashenzari.
Ashenzari was exalted by your worship.
You visited 10 branches of the dungeon, and saw 52 of its levels.
You also visited: Bailey and Gauntlet.

You collected 8246 gold pieces.
You spent 7946 gold pieces at shops.

Inventory:

Hand Weapons
 a - the cursed +3 hand crossbow "Restrained Sybil" (weapon) {freeze, Self, Bglg}
   (You took it off a yaktaur captain on level 4 of the Vaults)

   Any ammunition fired from it freezes those it strikes, dealing additional
   cold damage.
   It can also slow down cold-blooded creatures.
   It has a curse which improves the following skills: Introspection: Fighting
   and Spellcasting.
   Beguiling: Conjurations, Hexes and Translocations.
Missiles
 j - 5 throwing nets {=f !f}
 u - a boomerang of dispersal {=f !f}
 S - 8 curare-tipped darts {=f !f}
Armour
 c - the cursed scarf of the Revealing Yoke (worn) {repulsion, Evo, Bglg}
   (You found it on level 5 of the Pits of Slime)

   It has a curse which improves the following skills: Evocations: Evocations.
   Beguiling: Conjurations, Hexes and Translocations.
 q - the cursed +1 pair of gloves "Cursed Flawed Execution" (worn) {Self, Evo}
   (You found it on level 5 of the Lair of Beasts)

   It has a curse which improves the following skills: Introspection: Fighting
   and Spellcasting.
   Evocations: Evocations.
 B - the cursed +3 buckler "Gaze Upon Infinity" (worn) {rF+, Bglg, Cun}
   (You took it off a tengu reaver on level 4 of the Vaults)

   It has a curse which improves the following skills: Beguiling: Conjurations,
   Hexes and Translocations.
   Cunning:   Dodging and Stealth.
 R - the cursed +6 acid dragon scales of Star-Bound Wisdom (worn) {rCorr, Alch, Bglg}
   (You found it on level 11 of the Dungeon)

   rCorr:     It protects you from acid and corrosion.
   It has a curse which improves the following skills: Alchemy: Poison Magic and
   Transmutations.
   Beguiling: Conjurations, Hexes and Translocations.
 Z - the cursed +1 pair of boots of Supernal Understanding (worn) {Elem, Self}
   (You found it on level 3 of the Lair of Beasts)

   It has a curse which improves the following skills: Elements: Fire Magic, Ice
   Magic, Air Magic and Earth Magic.
   Introspection: Fighting and Spellcasting.
Jewellery
 o - the cursed amulet of Ashenzari's Yoke (around neck) {Acrobat rElec, Self, Elem}
   (You took it off Bai Suzhen on level 4 of the Snake Pit)

   [amulet of the acrobat]

   It increases your evasion while moving and waiting.
   rElec:     It insulates you from electricity.
   It has a curse which improves the following skills: Introspection: Fighting
   and Spellcasting.
   Elements:  Fire Magic, Ice Magic, Air Magic and Earth Magic.
 p - the cursed ring of the Ensconced Sage (right hand) {rPois rF+++ rC+ Will- Str+3, Alch, Evo}
   (You bought it in a shop on level 3 of the Depths)

   [ring of protection from cold]

   Str:       It affects your strength (+3).
   rF:        It renders you almost immune to fire.
   rC:        It protects you from cold.
   rPois:     It protects you from poison.
   Will:      It decreases your willpower.
   It has a curse which improves the following skills: Alchemy: Poison Magic and
   Transmutations.
   Evocations: Evocations.
 X - the cursed ring of Supernal Knowledge (left hand) {AC+4, Elem, Range}
   (You found it on level 1 of the Lair of Beasts)

   [ring of protection]

   AC:        It affects your AC (+4).
   It has a curse which improves the following skills: Elements: Fire Magic, Ice
   Magic, Air Magic and Earth Magic.
   Ranged Combat: Ranged Weapons and Throwing.
Wands
 D - a wand of paralysis (18)
 L - a wand of mindburst (18)
 O - a wand of light (16)
 U - a wand of iceblast (25)
 V - a wand of digging (9)
Scrolls
 e - 3 scrolls of amnesia
 g - 9 scrolls of fog
 k - 3 scrolls of summoning
 n - 7 scrolls of poison
 r - 9 scrolls of immolation
 t - 4 scrolls of fear
 x - 9 scrolls of vulnerability
 y - 7 scrolls of blinking
 F - 15 scrolls of teleportation
 T - a scroll of silence
Potions
 d - a potion of haste
 h - 2 potions of invisibility
 i - 8 potions of magic
 l - 6 potions of mutation
 m - 5 potions of brilliance
 s - 10 potions of flight
 v - a potion of cancellation
 z - 13 potions of lignification
 A - 6 potions of attraction
 C - 17 potions of heal wounds
 I - 22 potions of curing {@q1}
 N - a potion of resistance
 Y - 5 potions of ambrosia
Miscellaneous
 b - a phial of floods
 f - a box of beasts
 E - a lightning rod (4/4)
 G - a phantom mirror
 J - a tin of tremorstones (2/2)
 K - a condenser vane


   Skills:
 - Level 21.7(27) Fighting
 - Level 2.0 Polearms
 - Level 20.6(22.9) Ranged Weapons
 - Level 5.0 Armour
 + Level 15.1(17.7) Dodging
 - Level 3.0(5.2) Stealth
 - Level 6.0 Shields
 - Level 21.2(27) Spellcasting
 - Level 13.1(19.3) Conjurations
 - Level 12.4(18.6) Hexes
 - Level 6.0 Summonings
 - Level 6.0(11.9) Translocations
 - Level 6.0(9.9) Transmutations
 - Level 4.0(8.5) Fire Magic
 - Level 1.5(4.7) Earth Magic
 - Level 5.0(8.7) Poison Magic
 + Level 14.2(19.3) Evocations


You had 3 spell levels left.
You knew the following spells:

 Your Spells              Type           Power      Damage    Failure   Level
a - Apportation           Tloc           100%       N/A       0%          1
b - Enfeeble              Hex            46%        N/A       1%          7
c - Lehudib's Crystal Sp  Conj/Erth      39%        10d10     28%         8
d - Iron Shot             Conj/Erth      39%        9d8       1%          6
e - Yara's Violent Unrav  Hex/Tmut       41%        3d16      1%          5
g - Irradiate             Conj/Tmut      42%        3d25      1%          5
h - Borgnjor's Vile Clut  Necr/Erth      23%        N/A       6%          5
i - Portal Projectile     Hex/Tloc       100%       N/A       0%          3
l - Conjure Ball Lightni  Conj/Air       36%        3x3d12    1%          6
m - Spellforged Servitor  Conj/Summ      39%        N/A       3%          7
p - Passage of Golubria   Tloc           77%        N/A       1%          4
C - Discord               Hex            46%        N/A       1%          8
D - Dispersal             Tloc           38%        N/A       1%          6
P - Passwall              Tmut/Erth      54%        N/A       1%          2
Z - Blink                 Tloc           100%       N/A       0%          2

Your spell library contained the following spells:

 Spells                   Type           Power      Damage    Failure   Level
 Foxfire                  Conj/Fire      100%       2x1d9     0%          1
 Magic Dart               Conj           100%       1d8       0%          1
 Slow                     Hex            100%       N/A       0%          1
 Searing Ray              Conj           100%       2d8       0%          2
 Confusing Touch          Hex            93%        N/A       0%          3
 Conjure Flame            Conj/Fire      82%        6-21      0%          3
 Dazzling Flash           Conj/Hex       100%       N/A       0%          3
 Inner Flame              Hex/Fire       81%        N/A       0%          3
 Tukima's Dance           Hex            93%        N/A       0%          3
 Necrotise                Necr           100%       1d9       1%          1
 Sandblast                Erth           100%       2d20      1%          1
 Sting                    Tmut/Pois      100%       1d8       1%          1
 Summon Small Mammal      Summ           100%       N/A       1%          1
 Call Imp                 Summ           60%        N/A       1%          2
 Ensorcelled Hibernation  Hex/Ice        100%       N/A       1%          2
 Poisonous Vapours        Pois/Air       100%       N/A       1%          2
 Static Discharge         Conj/Air       72%        3-12/arc  1%          2
 Sublimation of Blood     Necr           35%        N/A       1%          2
 Wereblood                Tmut           72%        N/A       1%          2
 Call Canine Familiar     Summ           60%        N/A       1%          3
 Ignite Poison            Fire/Tmut/Pois 70%        N/A       1%          3
 Mephitic Cloud           Conj/Pois/Air  71%        N/A       1%          3
 Spider Form              Tmut/Pois      70%        N/A       1%          3
 Stone Arrow              Conj/Erth      100%       3d13      1%          3
 Summon Guardian Golem    Hex/Summ       78%        N/A       1%          3
 Swiftness                Air            39%        N/A       1%          3
 Vampiric Draining        Necr           35%        2d8       1%          3
 Cause Fear               Hex            46%        N/A       0%          4
 Fulminant Prism          Conj/Hex       46%        3d21      0%          4
 Iskenderun's Battlesphe  Conj           94%        2d14      0%          5
 Anguish                  Hex/Necr       35%        N/A       1%          4
 Animate Armour           Summ/Erth      100%       N/A       1%          4
 Corpse Rot               Necr/Pois/Air  51%        N/A       1%          4
 Flame Wave               Conj/Fire      82%        2d18      1%          4
 Hailstorm                Conj/Ice       72%        3d15      1%          4
 Ice Form                 Ice/Tmut       58%        N/A       1%          4
 Leda's Liquefaction      Hex/Erth       38%        N/A       1%          4
 Olgreb's Toxic Radiance  Pois           69%        N/A       1%          4
 Petrify                  Tmut/Erth      65%        N/A       1%          4
 Sticky Flame             Conj/Fire      82%        2d9       1%          4
 Summon Ice Beast         Ice/Summ       51%        N/A       1%          4
 Alistair's Intoxication  Tmut/Pois      46%        N/A       1%          5
 Blade Hands              Tmut           36%        N/A       1%          5
 Fireball                 Conj/Fire      41%        3d17      1%          5
 Freezing Cloud           Conj/Ice/Air   31%        6-21      1%          5
 Lightning Bolt           Conj/Air       36%        1d54      1%          5
 Manifold Assault         Tloc           77%        N/A       1%          5
 Metabolic Englaciation   Hex/Ice        35%        N/A       1%          5
 Silence                  Hex/Air        35%        N/A       1%          5
 Summon Mana Viper        Hex/Summ       78%        N/A       1%          5
 Statue Form              Tmut/Erth      43%        N/A       4%          6
 Animate Dead             Necr           35%        N/A       6%          4
 Dispel Undead            Necr           35%        3d15      6%          4
 Agony                    Necr           35%        N/A       16%         5
 Disjunction              Tloc           38%        N/A       30%         8
 Monstrous Menagerie      Summ           30%        N/A       38%         7
 Summon Hydra             Summ           30%        N/A       38%         7
 Storm Form               Tmut/Air       29%        N/A       47%         7
 Simulacrum               Ice/Necr       18%        N/A       58%         6
 Death Channel            Necr           17%        N/A       65%         6
 Necromutation            Tmut/Necr      28%        N/A       99%         8
 Borgnjor's Revivificati  Necr           17%        N/A       100%        8
 Infestation              Necr           17%        N/A       100%        8
 Maxwell's Capacitive Co  Air            19%        ∞         100%        8
 Death's Door             Necr           17%        N/A       100%        9
 Polar Vortex             Ice            19%        N/A       100%        9
 Shatter                  Erth           28%        3d23*     100%        9


Dungeon Overview and Level Annotations

Branches:
Dungeon (15/15)            Temple (0/1) D:4            Lair (5/5) D:8
 Shoals (4/4) Lair:3        Snake (4/4) Lair:2        Slime (5/5) Lair:5
    Orc (2/2) D:11            Elf (3/3) Orc:2        Vaults (5/5) D:14
  Crypt (0/3) Vaults:3     Depths (4/4) D:15            Zot (5/5) Depths:4
 Bailey (visited)         Gauntlet (visited)

Altars:
Ashenzari
Dithmenos
Gozag
Hepliaklqana
Makhleb
Nemelex Xobeh
Sif Muna
Trog
Vehumet
Xom
Jiyva
Lugonu

Shops:
D:1 =   D:4 (!=(   D:13 *   Orc:1 =   Orc:2 ?***   Shoals:2 :   Snake:1 !=
Snake:3 ::*:![   Snake:4 (=?*   Vaults:2 :   Vaults:5 [   Depths:1 ![
Depths:3 =:=

Portals:
Hell: Depths:1 Depths:2 Depths:3 Depths:4
Abyss: Lair:5 Snake:2 Depths:3
Pandemonium: Depths:1 Depths:2 Depths:3
Ziggurat: Depths:4
Trove: D:14 (give +6 demon whip)

Annotations:
D:3 1 runed translucent door, Crazy Yiuf
D:14 Louise
Snake:2 2 transporters, Doemub's ghost, journeyman FeSu
Orc:1 1 runed translucent door, Mitor's ghost, journeyman MiFi
Elf:2 5 runed translucent doors
Depths:4 3 runed translucent doors, frimble's ghost, adept DsGl
Zot:2 exclusion: downstairs


Innate Abilities, Weirdness & Mutations

You have a pair of large antennae on your head. (SInv)
You regenerate a lot of health from kills.
You are powered by pain.
You have an absolutely massive brain. (Int +6, Wiz)
Your presence sometimes corrodes or deforms those you injure.
You are agile. (Dex +4, Str/Int -1)
Your flesh is heat resistant. (rF+)
You are frail. (-10% HP)
You are weak. (Str -2)


Message History

No target in view!
A Duerr, a lich, a red devil and a soul eater come into view.
There is an escape hatch in the ceiling here.
The lich shouts!
Your spellforged servitor gestures at the lich while chanting.
The crystal spear hits the lich!!!
A mysterious force pulls you upwards. The hatch slams shut behind you.
Your summoned ally is left behind.
There is an escape hatch in the ceiling here.
A mysterious force pulls you upwards. The hatch slams shut behind you.
(D) Dungeon (T) Temple (L) Lair (A) Shoals (P) Snake Pit (M) Slime Pits (O) Orcish Mines (E) Elven Halls (V) Vaults (C) Crypt (U) Depths (H) Hell (Z) Zot
Where to? (Enter - D:5 @ (x,y), ? - help)
What level of the Dungeon? (default 1, ? - help)
There is a stone staircase leading up here.
You climb upwards.
Level annotation: 1 runed translucent door, Crazy Yiuf
There is a stone staircase leading down here.
Magic restored.
There is a stone staircase leading up here.
You climb upwards.
There is a stone staircase leading down here.
There is a stone staircase leading up here.
You climb upwards.
There is a stone staircase leading down here.
You sense a monster nearby.
(D) Dungeon (T) Temple (L) Lair (A) Shoals (P) Snake Pit (M) Slime Pits (O) Orcish Mines (E) Elven Halls (V) Vaults (C) Crypt (U) Depths (H) Hell (Z) Zot
Where to? (Enter - D:1 @ (x,y), ? - help)
A Hell Sentinel comes into view.
Throw: 5 throwing nets {=f !f}
Press: ? - help, Shift-Dir - straight line, f - Hell Sentinel
Aim: a Hell Sentinel (90% to hit)
You throw a throwing net {=f !f}.
The throwing net {=f !f} hits the Hell Sentinel.
The Hell Sentinel is caught in the net!
Aiming: Borgnjor's Vile Clutch (mildly dangerous; 6% risk of failure)
Press: ? - help, Shift-Dir - straight line, f/p - Hell Sentinel
Aim: a Hell Sentinel (entangled in a net, 100% to hit)
Zombie hands grab the Hell Sentinel.
The zombie hands constrict the Hell Sentinel, but do no damage.
The Hell Sentinel struggles against the net.
You shoot a bolt. The bolt hits the Hell Sentinel!
The Hell Sentinel is lightly wounded.
The zombie hands constrict the Hell Sentinel.
The Hell Sentinel gestures at you.
The sphere of damnation explodes!
The damnation engulfs you!!
The Hell Sentinel struggles against the net.
You shoot a bolt. The bolt hits the Hell Sentinel!!
The Hell Sentinel is moderately wounded.
The zombie hands constrict the Hell Sentinel!
You shoot a bolt. The bolt hits the Hell Sentinel!!
The Hell Sentinel is heavily wounded.
The zombie hands constrict the Hell Sentinel.
The Hell Sentinel gestures at you.
The sphere of damnation explodes!
The damnation engulfs you!!
The Hell Sentinel struggles against the net.
You are too injured to fight recklessly!
You are too injured to fight recklessly!
You are too injured to fight recklessly!
You are too injured to fight recklessly!
You are too injured to fight recklessly!
You are too injured to fight recklessly!
You can't see any enemies this would affect, really read the scroll of fear?
Okay, then.
Unknown command.
Unknown command.
You can't see any enemies this would affect, really read the scroll of fear?
Okay, then.
Unknown command.
Fire: a) +3 hand crossbow "Restrained Sybil" {freeze, Self, Bglg} (curse)
Press: ? - help, Q - select action, (/) - cycle Shift-Dir - straight line, f/p - Hell Sentinel
Aim: a Hell Sentinel (severely wounded, entangled in a net, constricted by zombie hands, 98% to hit)
You shoot a bolt.
The bolt completely misses the Hell Sentinel.
The zombie hands constrict the Hell Sentinel!!
The zombie hands release their grip on the Hell Sentinel.
Fire: a) +3 hand crossbow "Restrained Sybil" {freeze, Self, Bglg} (curse)
Press: ? - help, Q - select action, (/) - cycle Shift-Dir - straight line, f/p - Hell Sentinel
Aim: a Hell Sentinel (severely wounded, entangled in a net, 98% to hit)
You shoot a bolt.
The bolt hits the Hell Sentinel but does no damage.
The Hell Sentinel is severely wounded.
The Hell Sentinel gestures at you.
The iron shot is repelled.
The Hell Sentinel struggles against the net.
Fire: a) +3 hand crossbow "Restrained Sybil" {freeze, Self, Bglg} (curse)
Press: ? - help, Q - select action, (/) - cycle Shift-Dir - straight line, f/p - Hell Sentinel
Aim: a Hell Sentinel (severely wounded, entangled in a net, 98% to hit)
You shoot a bolt. The bolt hits the Hell Sentinel!!!
You kill the Hell Sentinel!
An Orb Guardian comes into view.
Your tin of tremorstones (2/2) has regained one charge.
j - 5 throwing nets {=f !f} (gained 1)
There is a staircase leading out of the dungeon here.
You have escaped!

#........~≈≈#~~...≈≈#~~~..####
.......~~.~≈≈#≈...~#≈≈~.~≈####
###...#≈≈~.~~#≈~.~~#≈~.~≈≈####
##.###≈~~.~≈#~.≈#~~.~≈≈####
####≈#≈≈~.~#~.~#~.~~≈#≈###
#≈≈##~≈.~~.~~.~~##≈≈##
##≈≈≈##~.#.#.~##≈≈≈##
###≈~~~#.#.#~~≈~###
#.......#@#.......#
###≈~≈~#.#.#≈~~≈###
##≈≈≈##~.#.#.~##≈≈≈##
#≈≈##≈~.≈~.~~.~≈##≈~#######
#≈#≈≈~.~#~.~#~.≈~≈#~.......
##≈≈~.~≈#~.~#~~.≈~≈########
#≈≈≈.~~#≈~.~≈#~≈.~~≈#......
#≈≈.~~≈#≈#..~#≈~~.~~######.
##.~~≈#≈≈#..~≈#≈~~..######)


There were no monsters in sight!

Vanquished Creatures
  the Royal Jelly (Slime:5)
  An ancient lich (Vaults:5)
  Mennas (Vaults:5)
  Mara (Depths:1)
  Sojobo (Depths:1)
  Frederick (Depths:3)
  Boris (Vaults:5)
  Vv (Zot:3)
  Saint Roka (Vaults:5)
  2 curse toes (Zot:1)
  Bai Suzhen (Snake:4)
  2 Killer Klowns (Zot:5)
  5 golden dragons
  4 caustic shrikes (Depths:4)
  Nikola (Shoals:1)
  An electric golem (Zot:5)
  A profane servitor (Depths:3)
  11 tentacled monstrosities
  2 Hell Sentinels
  Jorgrun (Shoals:3)
  A hellephant (D:11)
  Rupert (Lair:5)
  Mlioglotl (Shoals:3)
  14 Orb Guardians (Zot:5)
  Asterion (Snake:2)
  2 deep elf master archers (Elf:3)
  4 titans
  5 quicksilver dragons
  2 deep elf blademasters (Elf:3)
  9 death cobs
  2 krakens
  6 acid blobs (Slime:5)
  Agnes (D:15)
  9 sphinxes
  Frances (D:14)
  Kirke (Shoals:2)
  10 nagarajas (Snake:4)
  5 tengu reavers
  12 storm dragons
  6 shadow dragons
  8 azure jellies
  6 frost giants
  Donald (Vaults:3)
  5 draconian monks
  4 draconian knights
  3 rockslimes (Slime:5)
  2 iron dragons (Vaults:5)
  10 fire giants
  5 deep elf sorcerers (Elf:3)
  23 vault wardens
  4 draconian stormcallers
  3 deep elf elementalists (Elf:3)
  5 draconian scorchers
  Aizul (Snake:1)
  2 draconian shifters
  An angel (Depths:3)
  A balrug (Depths:3)
  19 very ugly things
  7 ironbound thunderhulks
  2 spriggan defenders (Depths:4)
  A reaper (D:8)
  4 quicksilver oozes (Slime:5)
  22 ironbound preservers
  20 stone giants
  3 war gargoyles
  2 draconian annihilators (Zot:1)
  8 green draconians
  2 grey draconians (Depths:4)
  Nessos (Lair:4)
  2 deep elf demonologists
  3 entropy weavers
  2 minotaurs
  2 deep elf annihilators (Elf:3)
  5 white draconians
  7 black draconians
  2 yellow draconians
  5 dire elephants
  9 spark wasps
  8 purple draconians
  9 red draconians
  4 deep elf death magi
  2 blizzard demons
  A crystal guardian (Vaults:2)
  A merfolk javelineer (Shoals:2)
  A green death (Zot:3)
  8 fire dragons
  Snorg (Lair:5)
  10 merfolk impalers
  Josephine (Shoals:1)
  9 ettins
  15 yaktaur captains
  A great orb of eyes (shapeshifter) (Vaults:5)
  2 hell beasts
  6 great orbs of eyes
  4 deep elf high priests
  5 salamander tyrants
  6 boulder beetles
  14 hydras
  28 vault guards
  A rakshasa (Depths:2)
  7 ice dragons
  6 spriggan air magi
  2 catoblepae (D:14)
  21 naga warriors
  4 peacekeepers
  9 two-headed ogres
  2 merfolk avatars
  2 merfolk aquamancers (Shoals:4)
  9 anacondas
  8 centaur warriors
  12 ironbound frosthearts
  16 dancing weapons
  9 deep troll shamans
  2 tengu warriors
  4 alligator snapping turtles
  8 satyrs
  6 deep troll earth magi
  5 hell hogs
  6 orc high priests
  2 vampire magi
  20 naga sharpshooters
  9 death yaks
  4 soul eaters
  3 thrashing horrors (Lair:5)
  A titan skeleton (Vaults:3)
  8 spriggan berserkers
  7 shock serpents
  A sun demon (Depths:3)
  Sonja (D:11)
  2 hell knights
  5 salamander mystics
  8 iron trolls
  2 sixfirhies (Gauntlet)
  7 deep elf knights
  20 sea snakes
  5 skeletal warriors
  43 deep trolls
  A shadow demon (Depths:4)
  3 phantasmal warriors (Vaults:5)
  8 wizards
  9 naga ritualists
  3 nameless horrors
  3 swamp dragons (Depths:4)
  3 glowing orange brains
  3 orc knights
  Pikel (D:5)
  18 deep elf zephyrmancers
  24 deep elf pyromancers
  12 ironbound convokers
  11 deep elf archers
  5 mana vipers
  34 harpies
  2 shining eyes
  4 lindwurms
  A wolf spider (shapeshifter) (Depths:2)
  23 manticores
  25 fauns
  2 manticores (shapeshifter)
  A tengu skeleton (Vaults:3)
  3 orc sorcerers
  A worldbinder (Gauntlet)
  8 cyclopes
  24 salamanders
  39 ugly things
  19 elephants
  A cyclops (shapeshifter) (Vaults:5)
  21 moths of wrath
  A stone giant skeleton (Vaults:3)
  11 merfolk sirens
  13 naga magi
  19 vault sentinels
  6 water nymphs
  2 guardian serpents (Snake:4)
  A guardian serpent (shapeshifter) (Vaults:5)
  26 black mambas
  A torpor snail (Lair:1)
  16 cane toads
  3 hellions
  4 smoke demons
  A gargoyle (D:12)
  An orange demon (Depths:1)
  3 rime drakes
  3 demonic crawlers (Elf:1)
  3 freezing wraiths
  An unseen horror (D:12)
  An efreet (D:14)
  6 komodo dragons
  3 ice devils
  30 yaktaurs
  3 tengu conjurers
  A red devil (Depths:1)
  5 trolls
  An ancient zyme (Lair:5)
  40 merfolk
  3 polar bears
  7 hornets
  3 meliai (D:13)
  7 wind drakes
  A tarantella (shapeshifter) (Vaults:5)
  A dream sheep (shapeshifter) (Vaults:5)
  A dream sheep (Shoals:2)
  7 snapping turtles
  16 blink frogs
  Prince Ribbit (D:7)
  40 slime creatures
  2 jumping spiders (Vaults:2)
  An air elemental (Elf:1)
  3 elf skeletons (Vaults:3)
  An ettin skeleton (Vaults:3)
  2 hogs (Shoals:2)
  6 spriggans
  2 ynoxinuls (Lair:5)
  11 water elementals
  Sigmund (D:6)
  8 wraiths
  2 shadows
  A vampire (D:14)
  3 humans (Shoals:2)
  12 basilisks
  4 wyverns
  61 yaks
  A human (shapeshifter) (Vaults:5)
  3 chaos spawn (Lair:5)
  A neqoxec (Depths:1)
  3 golden eyes
  2 steam dragons (D:6)
  3 vampire mosquitoes
  Menkaure (D:7)
  3 redbacks
  2 swamp worms (Lair:1)
  9 small abominations (Lair:5)
  43 nagas
  3 wargs
  3 acid dragons
  2 glowing shapeshifter skeletons (Vaults:3)
  4 hell hounds
  A floating eye (shapeshifter) (Vaults:5)
  2 floating eyes
  13 water moccasins
  A black bear (shapeshifter) (D:13)
  A large abomination (Lair:5)
  A sky beast (D:7)
  3 ice beasts
  42 orc warriors
  5 black bears
  3 boggarts (Gauntlet)
  8 ogres
  12 wolves
  21 centaurs
  3 human skeletons (Vaults:3)
  2 lemures (D:5)
  A kobold brigand (D:6)
  2 earth elementals
  20 bullfrogs
  5 scorpions
  2 necrophages
  9 killer bees
  5 wights (D:8)
  An electric eel (Snake:3)
  2 howler monkeys
  4 crimson imps
  4 jellies
  A lava snake (Snake:2)
  4 hounds
  33 orc priests
  3 gnoll boudas
  3 iguanas
  41 orc wizards
  5 hell rats (Lair:3)
  18 gnolls
  8 adders
  2 shadow imps
  3 white imps
  4 ufetubi
  3 worms
  A dart slug (D:5)
  114 orcs
  4 bats
  4 endoplasms
  6 giant cockroaches
  23 goblins
  8 hobgoblins
  2 jackals (D:3)
  3 quokkas
  6 ball pythons
  4 frilled lizards
  3 goblin skeletons (D:4)
  4 goblin zombies (D:4)
  6 hobgoblin zombies (D:4)
  17 kobolds
  2 kobold skeletons (D:4)
  4 rats
  3 briar patches (Lair:1)
  A fulminant prism (Vaults:2)
2091 creatures vanquished.

Vanquished Creatures (collateral kills)
  An orb of fire (Zot:5)
  An ancient lich (Zot:5)
  2 Killer Klowns (Zot:5)
  A golden dragon (Zot:4)
  An electric golem (Zot:5)
  4 tentacled monstrosities
  An Ice Fiend (D:6)
  9 Orb Guardians (Zot:5)
  A walking frostbound tome (Depths:4)
  4 acid blobs (Slime:5)
  A quicksilver dragon (Zot:5)
  2 deep elf master archers (Elf:3)
  A draconian monk (Zot:4)
  2 tengu reavers (Depths:1)
  2 storm dragons
  4 rockslimes
  An azure jelly (Slime:5)
  A daeva (Depths:3)
  4 deep elf sorcerers (Elf:3)
  2 frost giants
  2 draconian scorchers
  2 vault wardens (Vaults:1)
  An iron dragon (Depths:3)
  2 draconian shifters
  2 draconian stormcallers
  A deep elf elementalist (Elf:3)
  2 draconian annihilators
  3 quicksilver oozes (Slime:5)
  A stone giant (Depths:4)
  2 very ugly things (Vaults:1)
  A green draconian (Zot:3)
  A vampire knight (Depths:1)
  8 black draconians
  2 red draconians
  4 yellow draconians
  2 purple draconians
  6 white draconians
  2 deep elf annihilators (Elf:3)
  A spark wasp (Depths:4)
  A deep elf death mage (Elf:3)
  A vault guard (Vaults:3)
  2 ice dragons
  A spriggan air mage (Depths:1)
  A deep troll shaman (Depths:4)
  2 tengu warriors
  An iron troll (Depths:4)
  A deep troll (Depths:4)
  An ironbound convoker (Vaults:3)
  An orc sorcerer (Elf:3)
  5 ugly things
  2 moths of wrath
  11 slime creatures
  A spriggan (Depths:4)
  A golden eye (Slime:1)
  A hell hound (Zot:5)
123 creatures vanquished.

Vanquished Creatures (others)
  A Killer Klown (Zot:5)
  A tentacled monstrosity (Zot:5)
  An Orb Guardian (Zot:5)
  A spark wasp (Zot:5)
  A deep elf archer (Elf:1)
  A dream sheep (Shoals:2)
  2 humans (Shoals:2)
  A basilisk (Lair:5)
  61 ball lightnings
  159 fulminant prisms
  65 fungi
  140 plants
  28 tentacles
  A withered plant (D:14)
463 creatures vanquished.

Grand Total: 2677 creatures vanquished

Notes
Turn   | Place    | Note
-------+----------+-------------------------------------------
     0 | D:1      | FizzleBang the Demonspawn Arcane Marksman began the quest
                  | for the Orb.
     0 | D:1      | Reached XP level 1. HP: 15/15 MP: 2/2
   176 | D:1      | Reached skill level 1 in Stealth
   243 | D:1      | Reached skill level 1 in Fire Magic
   243 | D:1      | Gained mutation: You regenerate a little health from kills.
                  | [demonic ancestry]
   243 | D:1      | Reached XP level 2. HP: 17/21 MP: 0/3
   362 | D:1      | Found Igho's Jewellery Shoppe.
   736 | D:1      | Found a faded altar of an unknown god.
   798 | D:1      | Reached XP level 3. HP: 26/26 MP: 4/4
   802 | D:1      | Learned a level 3 spell: Inner Flame
  1566 | D:2      | Gained mutation: You sometimes gain a little power by
                  | taking damage. [demonic ancestry]
  1566 | D:2      | Reached XP level 4. HP: 25/32 MP: 0/5
  3370 | D:3      | Reached XP level 5. HP: 37/37 MP: 7/7
  3839 | D:3      | Found a runed translucent door.
  3840 | D:3      | Noticed Crazy Yiuf
  4100 | D:4      | Found Wicaij's Weapon Shoppe.
  4201 | D:4      | Found Weushrus's Weapon Boutique.
  4204 | D:4      | Found Buodafel's Distillery.
  4232 | D:4      | Found Hoqej's Jewellery Shop.
  4268 | D:4      | Bought a potion of lignification for 30 gold pieces
  4268 | D:4      | Bought a potion of attraction for 30 gold pieces
  4507 | D:4      | Found a broken altar of Ashenzari.
  4508 | D:4      | Found a radiant altar of Vehumet.
  4509 | D:4      | Found an opulent altar of Gozag.
  4523 | D:4      | Became a worshipper of Ashenzari the Shackled
  4588 | D:4      | Gained mutation: You have a pair of small antennae on your
                  | head. [demonic ancestry]
  4588 | D:4      | Reached XP level 6. HP: 24/43 MP: 8/11
  4754 | D:4      | Found a staircase to the Ecumenical Temple.
  5298 | D:5      | Entered Level 5 of the Dungeon
  5490 | D:5      | Reached skill level 5 in Spellcasting
  5601 | D:5      | Noticed an ice beast
  5609 | D:5      | Killed an ice beast
  5610 | D:5      | Reached XP level 7. HP: 38/48 MP: 10/15
  6943 | D:1      | Bought a ring of magical power for 200 gold pieces
  7280 | D:5      | Noticed Pikel
  7489 | D:5      | Killed Pikel
  7490 | D:5      | Gained mutation: You regenerate health from kills. [demonic
                  | ancestry]
  7490 | D:5      | Reached XP level 8. HP: 35/54 MP: 17/19
  7494 | D:5      | Learned a level 3 spell: Mephitic Cloud
  7498 | D:5      | Learned a level 3 spell: Ignite Poison
  7502 | D:5      | Learned a level 3 spell: Conjure Flame
  7705 | D:6      | Identified the +3 long sword "Ywiang" {vorpal, *Noise rF+
                  | Str+6}
  7856 | D:6      | Reached skill level 5 in Conjurations
  7856 | D:6      | Gained mutation: You have an unusually large brain. (Int
                  | +2) [demonic ancestry]
  7856 | D:6      | Reached XP level 9. HP: 61/61 MP: 9/21
  7881 | D:6      | Reached * piety under Ashenzari
  8215 | D:6      | Reached skill level 5 in Poison Magic
  8276 | D:6      | Learned a level 4 spell: Sticky Flame
  8570 | D:6      | Found a sparkling altar of Nemelex Xobeh.
  8642 | D:6      | Learned a level 3 spell: Dazzling Flash
  8654 | D:6      | Noticed Sigmund
  8665 | D:6      | Killed Sigmund
  8903 | D:7      | Noticed Prince Ribbit
  8911 | D:7      | Killed Prince Ribbit
  8919 | D:7      | Reached ** piety under Ashenzari
  9265 | D:7      | Noticed Menkaure
  9369 | D:7      | Found a flagged portal.
  9389 | Bailey   | Entered a bailey
  9572 | Bailey   | Reached skill level 5 in Fighting
  9614 | Bailey   | Gained mutation: You have a pair of antennae on your head.
                  | [demonic ancestry]
  9614 | Bailey   | Reached XP level 10. HP: 74/77 MP: 23/23
 10204 | D:7      | Found a burning altar of Makhleb.
 10307 | D:4      | Bought a ring of poison resistance for 220 gold pieces
 10382 | D:7      | Found a shadowy altar of Dithmenos.
 10833 | D:7      | Killed Menkaure
 10834 | D:7      | Reached skill level 1 in Polearms
 11308 | D:8      | Found a staircase to the Lair.
 11319 | D:8      | Reached skill level 1 in Evocations
 11673 | D:8      | Reached *** piety under Ashenzari
 11696 | D:8      | Reached skill level 10 in Fighting
 11976 | D:8      | Noticed a two-headed ogre
 11996 | D:8      | Killed a two-headed ogre
 11997 | D:8      | Reached XP level 11. HP: 95/96 MP: 24/24
 12093 | D:8      | Noticed a two-headed ogre
 12114 | D:8      | Killed a two-headed ogre
 12743 | D:4      | Bought a potion of resistance for 100 gold pieces
 12937 | D:9      | Identified the +0 robe of the Devil's Advocate {rPois rN++
                  | Str-4}
 13695 | D:9      | Reached skill level 5 in Ranged Weapons
 13951 | D:10     | Entered Level 10 of the Dungeon
 14536 | D:10     | Noticed a two-headed ogre
 14542 | D:10     | Killed a two-headed ogre
 14570 | D:10     | Learned a level 1 spell: Apportation
 14871 | D:11     | Identified the ring "Bymad" {Fly rPois Int+2}
 14911 | D:11     | Noticed Sonja
 14918 | D:11     | Killed Sonja
 15218 | D:11     | Noticed a two-headed ogre
 15224 | D:11     | Gained mutation: You have an extremely huge brain. (Int +4)
                  | [demonic ancestry]
 15224 | D:11     | Reached XP level 12. HP: 100/105 MP: 12/25
 15227 | D:11     | Killed a two-headed ogre
 15382 | D:11     | Found a staircase to the Orcish Mines.
 15650 | D:11     | Identified the +4 rapier of Dominance {venom, Str+8}
 15869 | D:11     | Found a hazy altar of Hepliaklqana.
 15879 | D:11     | Learned a level 4 spell: Flame Wave
 16004 | Lair:1   | Entered Level 1 of the Lair of Beasts
 16176 | Lair:1   | Reached skill level 10 in Ranged Weapons
 16620 | Lair:1   | Found a transporter.
 16621 | Lair:1   | Identified the +0 hat of Dithmenos's Generosity {Dex+4}
 16906 | Lair:1   | Found a transporter.
 17463 | Lair:1   | Reached **** piety under Ashenzari
 17604 | Lair:2   | Learned a level 3 spell: Inner Flame
 17608 | Lair:2   | Learned a level 3 spell: Portal Projectile
 17876 | Lair:2   | Found a staircase to the Snake Pit.
 17941 | Lair:2   | Noticed a death yak
 17941 | Lair:2   | Noticed a death yak
 17943 | Lair:2   | Noticed a death yak
 17944 | Lair:2   | Noticed a death yak
 17949 | Lair:2   | Noticed a death yak
 17951 | Lair:2   | Killed a death yak
 17952 | Lair:2   | Noticed a death yak
 17954 | Lair:2   | Killed a death yak
 17959 | Lair:2   | Killed a death yak
 17961 | Lair:2   | Killed a death yak
 17966 | Lair:2   | Killed a death yak
 17968 | Lair:2   | Killed a death yak
 17969 | Lair:2   | Gained mutation: You have a pair of large antennae on your
                  | head. (SInv) [demonic ancestry]
 17969 | Lair:2   | Reached XP level 13. HP: 39/111 MP: 5/26
 19212 | Lair:3   | Found a staircase to the Shoals.
 19329 | Lair:3   | Identified the cursed +1 cloak of Ashenzari's Omission
                  | {Self, Evo} (You found it on level 2 of the Dungeon)
 19329 | Lair:3   | Identified the cursed +0 steam dragon scales "Sidereal
                  | Augurer" {Bglg, Cun} (You found it on level 6 of the
                  | Dungeon)
 19596 | Lair:3   | Identified the +1 ring mail of Textagomm {rPois Str+4
                  | Int+3}
 19795 | Lair:3   | Identified the +2 dagger of Proximity {freeze, rC- Will+
                  | SInv}
 20290 | Lair:3   | Learned a level 4 spell: Fulminant Prism
 20588 | Lair:4   | Learned a level 4 spell: Olgreb's Toxic Radiance
 20636 | Lair:4   | Found a gate leading to a gauntlet.
 20645 | Gauntlet | Entered a Gauntlet
 20645 | Gauntlet | Found a transporter.
 20654 | Gauntlet | Found a transporter.
 20657 | Gauntlet | Found a transporter.
 20658 | Gauntlet | Found a transporter.
 20669 | Gauntlet | Found a transporter.
 20670 | Gauntlet | Found a transporter.
 20674 | Gauntlet | Found a transporter.
 20679 | Gauntlet | Found a transporter.
 20681 | Gauntlet | Found a transporter.
 20682 | Gauntlet | Found a transporter.
 20688 | Gauntlet | Noticed a reaper
 20690 | Gauntlet | Found a transporter.
 20693 | Gauntlet | Found a transporter.
 20694 | Gauntlet | Found a transporter.
 20696 | Gauntlet | Noticed a reaper
 20702 | Gauntlet | Found a transporter.
 20751 | Gauntlet | Identified the ring of Beauty {rF+ rC+ Str+8 Dex-3}
 21156 | Gauntlet | Identified the ring "Fec Gaq" {Int+4 Slay+4}
 21156 | Gauntlet | Noticed a minotaur
 21170 | Gauntlet | Identified the +5 halberd of Agony {freeze, rElec rC+}
 21178 | Gauntlet | Killed a minotaur
 21179 | Gauntlet | Reached skill level 5 in Evocations
 21429 | Lair:4   | Noticed Nessos
 21436 | Lair:4   | Killed Nessos
 21880 | Lair:4   | Reached skill level 5 in Hexes
 22346 | Lair:5   | Entered Level 5 of the Lair of Beasts
 22487 | Lair:5   | Reached skill level 1 in Armour
 22720 | Lair:5   | Reached XP level 14. HP: 118/126 MP: 6/29
 23190 | Lair:5   | Found a staircase to the Slime Pits.
 23385 | Lair:5   | Reached skill level 5 in Armour
 23409 | Lair:5   | Noticed Rupert
 23615 | Lair:5   | Killed Rupert
 23616 | Lair:5   | Reached skill level 5 in Dodging
 23866 | Lair:5   | Noticed Snorg
 23874 | Lair:5   | Killed Snorg
 25493 | Lair:5   | Found a corrupted altar of Lugonu.
 25493 | Lair:5   | Found a one-way gate to the infinite horrors of the Abyss.
 25776 | D:12     | Found a bloodstained altar of Trog.
 26558 | Orc:1    | Entered Level 1 of the Orcish Mines
 26564 | Orc:1    | Reached skill level 10 in Dodging
 26863 | Orc:1    | Found a runed translucent door.
 26863 | Orc:1    | Noticed Mitor's ghost (journeyman MiFi)
 27027 | Orc:2    | Entered Level 2 of the Orcish Mines
 27059 | Orc:2    | Gained mutation: You sometimes gain power by taking damage.
                  | [demonic ancestry]
 27059 | Orc:2    | Reached XP level 15. HP: 134/134 MP: 1/30
 27554 | Orc:2    | Found a staircase to the Elven Halls.
 28346 | Orc:2    | Found Ekhylyko's General Store.
 28350 | Orc:2    | Found Zimidghoo's General Store.
 28351 | Orc:2    | Found Akel's Magic Scroll Shop.
 28355 | Orc:2    | Found Bouxor's Assorted Antiques.
 28667 | Orc:2    | Bought a scroll of enchant armour for 82 gold pieces
 28669 | Orc:2    | Bought a scroll of blinking for 120 gold pieces
 28671 | Orc:2    | Bought a glowing green potion for 23 gold pieces
 28673 | Orc:2    | Bought a condenser vane for 400 gold pieces
 28754 | Orc:1    | Found Niet's Jewellery Shoppe.
 29509 | D:13     | Found an opulent altar of Gozag.
 29514 | D:13     | Found Gozag's Platinum Reserve.
 30305 | D:14     | Noticed Frances
 30318 | D:14     | Killed Frances
 30711 | D:14     | Found a portal to a secret trove of treasure.
 30761 | D:14     | Noticed Louise
 30906 | D:14     | Reached skill level 15 in Ranged Weapons
 31386 | D:4      | Bought the ring of the Haunted God {rC++ Will+ Slay+4} for
                  | 1162 gold pieces
 31924 | D:14     | Found a gate to the Vaults.
 32406 | D:15     | Entered Level 15 of the Dungeon
 32544 | D:15     | Noticed Agnes
 32550 | D:15     | Killed Agnes
 33025 | D:15     | Found a staircase to the Depths.
 33787 | Orc:2    | Bought a scroll of enchant weapon for 75 gold pieces
 33975 | D:4      | Bought a potion of invisibility for 80 gold pieces
 34163 | Orc:2    | Bought a scroll of summoning for 104 gold pieces
 34301 | Snake:1  | Entered Level 1 of the Snake Pit
 35036 | Snake:1  | Found Ohyodeivoc's Distillery.
 35045 | Snake:1  | Found Luegar's Jewellery Boutique.
 35536 | Snake:1  | Found a shimmering altar of Xom.
 35539 | Snake:1  | Noticed Aizul
 35549 | Snake:1  | Killed Aizul
 36388 | Snake:2  | Gained mutation: You regenerate a lot of health from kills.
                  | [demonic ancestry]
 36388 | Snake:2  | Reached XP level 16. HP: 132/141 MP: 20/31
 36639 | Snake:2  | Found a transporter.
 36654 | Snake:2  | Noticed a tentacled starspawn
 37147 | Snake:2  | Found a transporter.
 37147 | Snake:2  | Noticed Doemub's ghost (journeyman FeSu)
 37512 | Snake:2  | Noticed a tentacled monstrosity
 37601 | Snake:2  | Noticed Asterion
 37615 | Snake:2  | Killed Asterion
 38306 | Snake:3  | Reached skill level 10 in Evocations
 39381 | Snake:3  | Found Zeluaxar's Antique Armour Shoppe.
 39397 | Snake:3  | Learned a level 5 spell: Iskenderun's Battlesphere
 40341 | Snake:3  | Found Rishim's Distillery.
 40603 | Snake:3  | Found Kaorug's Book Shop.
 40604 | Snake:3  | Found Umigh's Book Boutique.
 40605 | Snake:3  | Found Pogeih's Book Emporium.
 40606 | Snake:3  | Found Qearhuh's General Store.
 40606 | Snake:3  | Found Wudosm's Book Shop.
 40727 | Snake:3  | Bought the Parchment of Blasting for 360 gold pieces
 40735 | Snake:3  | Learned a level 5 spell: Fireball
 40899 | Shoals:1 | Entered Level 1 of the Shoals
 40908 | Shoals:1 | Gained mutation: Your presence sometimes corrodes those you
                  | injure. [demonic ancestry]
 40908 | Shoals:1 | Reached XP level 17. HP: 88/147 MP: 6/32
 41240 | Shoals:1 | Learned a level 5 spell: Irradiate
 41352 | Shoals:1 | Noticed Josephine
 41366 | Shoals:1 | Killed Josephine
 41714 | Shoals:1 | Noticed Nikola
 41729 | Shoals:1 | Killed Nikola
 41730 | Shoals:1 | Reached skill level 1 in Transmutations
 42628 | Shoals:2 | Noticed Kirke
 42636 | Shoals:2 | Killed Kirke
 42848 | Shoals:2 | Reached skill level 10 in Conjurations
 43913 | Shoals:2 | Found Solun's Book Emporium.
 44445 | Snake:3  | Bought a pair of glowing gloves for 142 gold pieces
 44961 | Shoals:3 | Noticed Jorgrun
 44967 | Shoals:3 | Killed Jorgrun
 45380 | Shoals:3 | Noticed a kraken
 45410 | Shoals:3 | Killed a kraken
 45581 | Shoals:3 | Noticed Mlioglotl
 45589 | Shoals:3 | Killed Mlioglotl
 45911 | Shoals:4 | Entered Level 4 of the Shoals
 46130 | Shoals:4 | Reached XP level 18. HP: 152/156 MP: 1/34
 46352 | Shoals:4 | Identified the +7 trident of Jirr {drain, Drain Dex+4}
 46353 | Shoals:4 | Identified the +1 eveningstar of the Inferno {vorpal, *Slow
                  | Str+2 Dex+2 SInv}
 47073 | Shoals:4 | Paralysed by a sphinx for 3 turns
 47080 | Shoals:4 | Paralysed by a sphinx for 5 turns
 47195 | Shoals:4 | Identified the +2 buckler of the Watchman {-Tele Int+3
                  | Dex+2}
 47443 | Shoals:4 | Got a barnacled rune of Zot
 47694 | Snake:4  | Entered Level 4 of the Snake Pit
 48802 | Snake:4  | Got a serpentine rune of Zot
 49055 | Snake:4  | Reached skill level 15 in Fighting
 49520 | Snake:4  | Noticed Bai Suzhen
 49695 | Snake:4  | Identified the amulet "Esorghil" {Acrobat rElec}
 49879 | Snake:4  | Found Pujah's Assorted Antiques.
 49881 | Snake:4  | Found Wyoxio's Jewellery Boutique.
 49881 | Snake:4  | Found Jiaserer's Weapon Shoppe.
 49894 | Snake:4  | Found Wyafaus's General Store.
 49897 | Snake:4  | Found Lengosof's Magic Scroll Boutique.
 49901 | Snake:4  | Bought a scroll of blinking for 135 gold pieces
 49908 | Snake:4  | Bought a scroll of enchant armour for 90 gold pieces
 49908 | Snake:4  | Bought a scroll of enchant weapon for 90 gold pieces
 50106 | Snake:4  | Killed Bai Suzhen
 50563 | Snake:3  | Bought Great Wizards, Vol. VII for 420 gold pieces
 50570 | Snake:3  | Learned a level 4 spell: Passage of Golubria
 50968 | D:14     | Reached skill level 1 in Translocations
 51293 | Vaults:1 | Entered Level 1 of the Vaults
 51378 | Vaults:1 | Reached XP level 19. HP: 165/165 MP: 15/35
 51699 | Vaults:1 | Reached skill level 5 in Translocations
 52764 | Vaults:1 | Learned a level 5 spell: Yara's Violent Unravelling
 53106 | Vaults:1 | Paralysed by a sphinx for 2 turns
 53828 | Snake:3  | Bought an Inescapable Atlas for 442 gold pieces
 54444 | Vaults:2 | Learned a level 2 spell: Blink
 54678 | Vaults:2 | Reached skill level 5 in Transmutations
 55775 | Vaults:2 | Found Plog's Book Boutique.
 57267 | Vaults:3 | Gained mutation: Your presence sometimes corrodes or
                  | deforms those you injure. [demonic ancestry]
 57267 | Vaults:3 | Reached XP level 20. HP: 173/178 MP: 3/37
 57401 | Vaults:3 | Noticed Donald
 57411 | Vaults:3 | Killed Donald
 58354 | Vaults:3 | Found a staircase to the Crypt.
 58672 | Vaults:3 | Learned a level 2 spell: Passwall
 58808 | Vaults:4 | Found a huge runed gate.
 58808 | Vaults:4 | Found a huge runed gate.
 58808 | Vaults:4 | Found a huge runed gate.
 58808 | Vaults:4 | Found a huge runed gate.
 58808 | Vaults:4 | Found a huge runed gate.
 58808 | Vaults:4 | Found a huge runed gate.
 58809 | Vaults:4 | Found a huge runed gate.
 58809 | Vaults:4 | Found a huge runed gate.
 58809 | Vaults:4 | Found a huge runed gate.
 58809 | Vaults:4 | Found a huge runed gate.
 58809 | Vaults:4 | Found a huge runed gate.
 58858 | Vaults:4 | Found a huge runed gate.
 58859 | Vaults:4 | Found a huge runed gate.
 58860 | Vaults:4 | Found a huge runed gate.
 58861 | Vaults:4 | Found a huge runed gate.
 58862 | Vaults:4 | Found a huge runed gate.
 58878 | Vaults:4 | Found a huge runed gate.
 58881 | Vaults:4 | Found a huge runed gate.
 58881 | Vaults:4 | Found a huge runed gate.
 58881 | Vaults:4 | Found a huge runed gate.
 58881 | Vaults:4 | Found a huge runed gate.
 58881 | Vaults:4 | Found a huge runed gate.
 58881 | Vaults:4 | Found a huge runed gate.
 58882 | Vaults:4 | Found a huge runed gate.
 58883 | Vaults:4 | Found a huge runed gate.
 58888 | Vaults:4 | Found a huge runed gate.
 58891 | Vaults:4 | Found a huge runed gate.
 58891 | Vaults:4 | Found a huge runed gate.
 58891 | Vaults:4 | Found a huge runed gate.
 58891 | Vaults:4 | Found a huge runed gate.
 58891 | Vaults:4 | Found a huge runed gate.
 58891 | Vaults:4 | Found a huge runed gate.
 58892 | Vaults:4 | Found a huge runed gate.
 58893 | Vaults:4 | Found a huge runed gate.
 58899 | Vaults:4 | Found a huge runed gate.
 58902 | Vaults:4 | Found a huge runed gate.
 59067 | Vaults:4 | Reached skill level 10 in Spellcasting
 59120 | Vaults:4 | Identified the +6 chain mail "Hakhlyny" {Str+3}
 60840 | Snake:3  | Bought 3 scrolls of enchant weapon for 315 gold pieces
 61079 | Orc:2    | Bought a scroll of fog for 40 gold pieces
 61081 | Orc:2    | Bought a scroll of fog for 44 gold pieces
 61081 | Orc:2    | Bought a scroll of fog for 44 gold pieces
 61306 | Snake:3  | Bought a potion of heal wounds for 80 gold pieces
 61306 | Snake:3  | Bought a potion of heal wounds for 80 gold pieces
 61306 | Snake:3  | Bought a potion of heal wounds for 80 gold pieces
 61896 | Elf:1    | Entered Level 1 of the Elven Halls
 62637 | Elf:1    | Identified the amulet "Ukku" {RegenMP Harm rCorr Dex-4}
 62637 | Elf:1    | Identified the +7 falchion of Tension {vorpal, rElec Str+2
                  | Int+4}
 62910 | Elf:1    | Identified the +0 ring mail of Saecvoen {rElec rC+ SInv}
 63484 | Elf:2    | Gained mutation: You have an absolutely massive brain. (Int
                  | +6, Wiz) [demonic ancestry]
 63484 | Elf:2    | Reached XP level 21. HP: 187/187 MP: 41/41
 63497 | Elf:2    | Found a huge runed translucent gate.
 63497 | Elf:2    | Found a huge runed translucent gate.
 63499 | Elf:2    | Found a huge runed translucent gate.
 63499 | Elf:2    | Found a huge runed translucent gate.
 63500 | Elf:2    | Found a huge runed translucent gate.
 63836 | Snake:4  | Learned a level 6 spell: Conjure Ball Lightning
 64119 | Elf:3    | Entered Level 3 of the Elven Halls
 65061 | Snake:3  | Bought 2 potions of brilliance for 128 gold pieces
 65061 | Snake:3  | Bought a potion of resistance for 160 gold pieces
 65501 | Vaults:4 | Noticed a golden dragon
 65626 | Vaults:4 | Killed a golden dragon
 65707 | Vaults:5 | Entered Level 5 of the Vaults
 65707 | Vaults:5 | Identified the ring of Gidu {rPois rF+}
 65747 | Vaults:5 | Found Xeaten's Armour Shoppe.
 65758 | Vaults:5 | Noticed Boris
 65952 | Vaults:5 | Killed Boris
 66198 | Vaults:5 | Noticed an ancient lich
 66201 | Vaults:5 | Reached skill level 15 in Spellcasting
 66209 | Vaults:5 | Killed an ancient lich
 66750 | Vaults:5 | Noticed Mennas
 67037 | Vaults:5 | Identified the +1 plate armour "Oduris" {Harm Fly Int-4
                  | Stlth+}
 67049 | Vaults:5 | Got a silver rune of Zot
 67146 | Vaults:5 | Gained mutation: You occasionally lose the ability to read
                  | scrolls when taking damage. [you]
 67280 | Vaults:5 | Killed Mennas
 67564 | Vaults:5 | Identified the Compendium of Congregated Black Magic
 67573 | Vaults:5 | Reached skill level 1 in Earth Magic
 67612 | Vaults:5 | Learned a level 5 spell: Borgnjor's Vile Clutch
 67705 | Vaults:5 | Gained mutation: You are powered by pain. [demonic
                  | ancestry]
 67705 | Vaults:5 | Reached XP level 22. HP: 175/198 MP: 29/47
 68134 | Vaults:5 | Noticed a golden dragon
 68146 | Vaults:5 | Killed a golden dragon
 68484 | Vaults:5 | Noticed Saint Roka
 68517 | Vaults:5 | Killed Saint Roka
 69481 | Vaults:5 | Found Xeaten's Armour Shoppe.
 69750 | Vaults:5 | Found Xeaten's Armour Shoppe.
 70910 | Vaults:4 | Learned a level 6 spell: Iron Shot
 70918 | Vaults:4 | Learned a level 7 spell: Spellforged Servitor
 71296 | Elf:3    | Reached skill level 1 in Summonings
 71530 | Elf:3    | Reached skill level 5 in Summonings
 71951 | Elf:3    | Identified the Compilation of Cunning Hurting
 71958 | Elf:3    | Identified the +1 mace "Enefi" {drain, rCorr}
 72051 | Elf:3    | Identified the +7 long sword of the Orb {vorpal, rCorr}
 72127 | Elf:3    | Identified the Incunable of Ashen Changing
 72127 | Elf:3    | Identified the +7 flail of Greed {speed, rPois rF+ Int+3}
 72134 | Elf:3    | Identified the +1 pair of gloves "Nifreqe" {Rampage}
 72151 | Elf:3    | Identified the +0 pair of boots "Qiorgh Eham" {SInv}
 72151 | Elf:3    | Identified the +7 sling "Hutihaj" {freeze, rC- Int+7}
 72329 | Elf:3    | Lost mutation: You occasionally lose the ability to read
                  | scrolls when taking damage. [potion of mutation]
 72329 | Elf:3    | Gained mutation: You occasionally shout uncontrollably at
                  | your foes. [potion of mutation]
 72453 | Orc:2    | Bought a scroll of enchant weapon for 195 gold pieces
 72688 | Snake:3  | Bought a wand of digging (6) for 352 gold pieces
 72755 | Snake:4  | Bought a scroll of magic mapping for 90 gold pieces
 72762 | Snake:4  | Bought a potion of ambrosia for 144 gold pieces
 72836 | Snake:1  | Bought a potion of heal wounds for 65 gold pieces
 72836 | Snake:1  | Bought a potion of heal wounds for 65 gold pieces
 73005 | Slime:1  | Entered Level 1 of the Pits of Slime
 73075 | Slime:5  | Entered Level 5 of the Pits of Slime
 73128 | Slime:4  | Gained mutation: Your magical capacity is low. (-10% MP) [a
                  | shining eye]
 73413 | Slime:5  | Found a viscous altar of Jiyva.
 73434 | Slime:5  | Identified the ring "Seteghi" {rN+ Int+6}
 73434 | Slime:5  | Identified the +12 shortbow "Honentemm" {speed, rPois rN++
                  | Str-4}
 73443 | Slime:5  | Identified the +4 bardiche of Beyond {drain, rPois rC-
                  | rN+++ Will-}
 73443 | Slime:5  | Identified the ring of Qat Hyu {MP+9 Slay+3}
 73674 | Slime:5  | Identified the +8 crystal plate armour of Foif Vuo {rPois
                  | rF- Regen+ Int+2}
 73675 | Slime:5  | Identified the +2 leather armour of Decompression {+Blink
                  | rPois Regen+ Dex+4}
 73677 | Slime:5  | Identified the +6 rapier of the Rat {freeze, rC+ Will-
                  | SInv}
 73751 | Slime:5  | Noticed the Royal Jelly
 73797 | Slime:5  | Killed the Royal Jelly
 74159 | Slime:5  | Got a slimy rune of Zot
 74250 | Lair:5   | Learned a level 6 spell: Dispersal
 74651 | Depths:1 | Entered Level 1 of the Depths
 74718 | Depths:1 | Reached skill level 1 in Shields
 74730 | Depths:1 | Noticed Sojobo
 74739 | Depths:1 | Killed Sojobo
 74740 | Depths:1 | Reached XP level 23. HP: 186/200 MP: 3/44
 74991 | Depths:1 | Found Quxir's Distillery.
 75042 | Depths:1 | Found Lelug's Antique Armour Shop.
 75389 | Depths:1 | Found a shimmering blue altar of Sif Muna.
 75389 | Depths:1 | Identified Sif Muna's Volume of Conjury
 75389 | Depths:1 | Identified Sif Muna's Dissertation on the Tesseract
 75389 | Depths:1 | Identified Sif Muna's Anthology of the Barber Surgeon
 75640 | Depths:1 | Found a gateway to Hell.
 75725 | Depths:1 | Noticed Mara
 75730 | Depths:1 | Noticed FizzleBang's illusion
 75731 | Depths:1 | Killed Mara
 76083 | Depths:1 | Found a one-way gate leading to the halls of Pandemonium.
 78094 | Depths:3 | Found a corrupted altar of Lugonu.
 78203 | Depths:3 | Noticed Frederick
 78213 | Depths:3 | Killed Frederick
 78504 | Depths:3 | Reached ***** piety under Ashenzari
 78680 | Depths:3 | Found Koasuete's Jewellery Boutique.
 78681 | Depths:3 | Found Utyrphim's Book Emporium.
 78682 | Depths:3 | Found Tiragugo's Jewellery Boutique.
 78949 | Depths:4 | Entered Level 4 of the Depths
 78954 | Depths:4 | Identified the +0 scale mail of Chill Winds {-Cast rElec
                  | rF+}
 79228 | Depths:4 | Found a runed translucent gate.
 79228 | Depths:4 | Found a runed translucent gate.
 79229 | Depths:4 | Found a runed translucent gate.
 79231 | Depths:4 | Noticed frimble's ghost (adept DsGl)
 79231 | Depths:4 | Identified the +3 helmet of Zits {Rampage Drain rC+}
 79231 | Depths:4 | Identified the +1 pair of gloves of Niaguzxa {Harm}
 79263 | Depths:4 | Reached skill level 5 in Shields
 79417 | Depths:4 | Found a one-way gateway to a ziggurat.
 79426 | Depths:4 | Reached XP level 24. HP: 182/212 MP: 32/45
 80389 | Depths:4 | Found a gate to the Realm of Zot.
 80551 | Depths:3 | Bought the ring "Dooclomm" {rPois rF+++ rC+ Will- Str+3}
                  | for 1759 gold pieces
 80554 | Depths:3 | Lost mutation: You occasionally shout uncontrollably at
                  | your foes. [potion of mutation]
 80554 | Depths:3 | Lost mutation: Your magical capacity is low. (-10% MP)
                  | [potion of mutation]
 80554 | Depths:3 | Gained mutation: You are agile. (Dex +4, Str/Int -1)
                  | [potion of mutation]
 80554 | Depths:3 | Gained mutation: You are weak. (Str -2) [potion of
                  | mutation]
 80554 | Depths:3 | Lost mutation: You are weak. (Str -2) [potion of mutation]
 80554 | Depths:3 | Gained mutation: Your flesh is heat resistant. (rF+)
                  | [potion of mutation]
 80653 | Zot:1    | Entered Level 1 of the Realm of Zot
 81058 | Zot:1    | Identified the cursed scarf of the Revealing Yoke
                  | {repulsion, Evo, Bglg} (You found it on level 5 of the Pits
                  | of Slime)
 81058 | Zot:1    | Identified the cursed +1 pair of gloves "Cursed Flawed
                  | Execution" {Self, Evo} (You found it on level 5 of the Lair
                  | of Beasts)
 81058 | Zot:1    | Identified the cursed +1 pair of boots of Supernal
                  | Understanding {Elem, Self} (You found it on level 3 of the
                  | Lair of Beasts)
 81058 | Zot:1    | Identified the cursed +6 acid dragon scales of Star-Bound
                  | Wisdom {rCorr, Alch, Bglg} (You found it on level 11 of the
                  | Dungeon)
 83079 | Zot:3    | Noticed Vv
 83620 | Zot:3    | Killed Vv
 84316 | Zot:3    | Reached ****** piety under Ashenzari
 84326 | Zot:3    | Learned a level 7 spell: Enfeeble
 84337 | Zot:3    | Learned a level 8 spell: Discord
 84347 | Zot:3    | Learned a level 8 spell: Lehudib's Crystal Spear
 84370 | Zot:4    | Reached XP level 25. HP: 224/234 MP: 42/53
 85268 | Zot:4    | Identified the +6 hand axe of Regicide {freeze, *Noise
                  | rPois rC++ rCorr}
 85333 | Zot:4    | Reached skill level 10 in Hexes
 86211 | Zot:5    | Entered Level 5 of the Realm of Zot
 86710 | Zot:5    | Noticed an orb of fire
 86711 | Zot:5    | Noticed an ancient lich
 86712 | Zot:5    | Noticed a Killer Klown
 86713 | Zot:5    | Noticed a Killer Klown
 86727 | Zot:5    | Gained mutation: You are frail. (-10% HP) [an orb of fire]
 86729 | Zot:5    | Noticed a Killer Klown
 86732 | Zot:5    | Noticed an ancient lich
 86735 | Zot:5    | Killed an ancient lich
 86736 | Zot:5    | Noticed an orb of fire
 86737 | Zot:5    | Noticed a Killer Klown
 86748 | Zot:5    | Noticed a Killer Klown
 86753 | Zot:5    | Killed a Killer Klown
 86760 | Zot:5    | Killed a Killer Klown
 86779 | Zot:5    | Noticed a Killer Klown
 86784 | Zot:5    | Killed a Killer Klown
 86809 | Zot:5    | Noticed a Killer Klown
 86821 | Zot:5    | Killed a Killer Klown
 86823 | Zot:5    | Noticed a Killer Klown
 86827 | Zot:5    | Killed a Killer Klown
 86833 | Zot:5    | Noticed an orb of fire
 86842 | Zot:5    | Killed an orb of fire
 87011 | Zot:5    | Got the Orb of Zot
 87103 | Zot:3    | Reached skill level 15 in Dodging
 87510 | D:10     | Noticed Mamuoka the pandemonium lord
 87549 | D:8      | Identified the +0 tower shield of Wariness {rC+ Will-
                  | Dex+5}
 87550 | D:8      | Noticed a seraph
 87588 | D:8      | Gained mutation: You are weak. (Str -2) [a neqoxec]
 87631 | D:6      | Noticed Duerr the pandemonium lord
 87709 | D:$      | Escaped with the Orb!

Illustrated notes

Levels and vault maps discovered:
D:1:      spicycebolla_arrival_xxxplode, layout_loops_ring,
          ebering_ecumenical_altar_ruins, serial_shops, nicolae_shop_stone,
          minmay_misc_feat_more_columns, feat_on_display
D:2:      layout_loops_corners
D:3:      layout_basic, uniq_crazy_yiuf_cottage
D:4:      layout_loops_ring, nicolae_tso_besieged_by_evil,
          mainiacjoe_overflow_alcove_3, minmay_temple_entry_antechambers,
          serial_shops, shop, nicolae_shop_crystal, shop,
          nicolae_shop_bloodbath_and_beyond
D:5:      layout_loops_corners, uniq_pikel
D:6:      layout_gridville, mainiacjoe_overflow_six_doors_small, uniq_sigmund
D:7:      layout_gridville, nicolae_dithmenos_the_darkroom,
          general_overflow_altar, enter_bailey_5, uniq_menkaure,
          uniq_prince_ribbit1
D:8:      layout_cave_pools, due_lair_maze_entry_diamond, serial_column_ruins,
          column_ruins_columns_corner, column_ruins_columns_straight,
          column_ruins_open_medium, column_ruins_open_small,
          column_ruins_corridor_T, hellmonk_guarded_unrand_dark_maul
D:9:      layout_loops_ring
D:10:     layout_roguey
D:11:     layout_rooms, orc_0_dummy, nicolae_hepliaklqana_hippocampus,
          uniq_sonja
D:12:     layout_basic, trog_hazing_becter
D:13:     layout_loops_corners, nicolae_gozag_zags_fifth_avenue
D:14:     hangedman_cross_stitches, layout_basic, david_vaults_4,
          minmay_tree_intersection, nicolae_trove_entry_isolated,
          argonaut_gorgonesque, uniq_frances, uniq_louise
D:15:     grunt_enter_depths_hoard, layout_irregular_city, dk_noncrumbling_2,
          uniq_agnes
Lair:1:   gammafunk_worm_tunnel, layout_small_grid,
          chequers_serial_rivers_large_a, chequers_serial_rivers_marsh,
          chequers_serial_rivers_micro_e, lemuel_fruit_tree,
          infiniplex_staircase_pool
Lair:2:   layout_roguey, minmay_snake_entry_guardpost_medium, wad_woods_road_01,
          cheibrodos_lair_caveside_slide
Lair:3:   layout_cave_pods, elwin_shoals_entry_stream
Lair:4:   layout_regular_city, gauntlet_entry_generic, uniq_nessos
Lair:5:   hellmonk_lair_end_abyssal_woods, layout_regular_city,
          minmay_slime_entry_pillars, serial_bayou_shore_a, uniq_rupert,
          uniq_snorg
Shoals:1: cheibrodos_shoals_oceanic_diplomacy, layout_shoals, uniq_josephine,
          uniq_nikola
Shoals:2: layout_shoals, serial_shops, shop, uniq_kirke
Shoals:3: layout_shoals, nicolae_shoals_arrival_archipelago, uniq_jorgrun,
          uniq_mlioglotl
Shoals:4: shoals_end_hellmonk_lost_city
Snake:1:  layout_cave_pods, basic_altar, grunt_ministairs_5, minmay_shop_star,
          uniq_aizul
Snake:2:  layout_basic, gammafunk_ghost_abyssal_escape,
          nicolae_elevator_lobby_plus, uniq_asterion
Snake:3:  layout_rooms, serial_shops, nicolae_shop_trees,
          nicolae_shop_window_shopping, nicolae_wooded_promenade,
          library_closet, serial_bayou_lagoon_a, grunt_megastairs_5
Snake:4:  grunt_snake_rune_spirals, layout_onion, grunt_ministairs_9,
          eino_curves_02, nicolae_snake_serpentine_bazaar, serial_bayou_shore_b,
          uniq_bai_suzhen
Slime:1:  layout_caves
Slime:2:  layout_caves
Slime:3:  layout_caves
Slime:4:  layout_caves, nicolae_slime_welcoming_committee
Slime:5
Orc:1:    layout_caves, serial_shops, gammafunk_ghost_grave,
          minmay_shop_enchanted_jewellery
Orc:2:    st_orc_mages, layout_caves
Elf:1:    layout_rooms, kennysheep_underground_church,
          einodemon_crawler_minivault
Elf:2:    elven_hall_of_blades_hangedman_alternative [nicolae_blade_tridents],
          layout_geoelf_diagonals, drop_trap
Elf:3:    minmay_elf_hall, layout_gridlike, lemuel_flamethrower_1
Vaults:1: st_star, nicolae_vaults_alarming, vaults_mumra_lcd,
          nicolae_vaults_little_squares_4, hangedman_vaults_unwind, v_misc_29,
          nicolae_vaults_theta, vaults_dpeg_emergency_exit, v_misc_31,
          nicolae_vaults_yaktaur_gun_rack, v_misc_9, vaults_dpeg_diagonal,
          layout_vaults_ring
Vaults:2: ontoclasm_vaults_decontamination, vaults_dpeg_encased_lava,
          nicolae_vaults_what_the_h, v_misc_27, nicolae_vaults_little_squares_5,
          nicolae_vaults_little_squares_6, vaults_dpeg_hooks,
          layout_vaults_omnigrid, serial_shops, nicolae_shop_advertising_works
          [nicolae_subvault_shop_adworks]
Vaults:3: minmay_crypt_entry_skeletal_spiral, ontoclasm_vaults_loading_screen,
          vaults_mumra_minichess, grunt_vaults_swirl, v_alt_pattern_5,
          v_misc_17, v_rooms_2, hangedman_vaults_restitches,
          dpeg_vaults_monster_row, layout_vaults_chaotic_city, uniq_donald
Vaults:4: v_misc_17, v_misc_16, vaults_dpeg_spiral, vaults_mumra_hexcomb,
          nicolae_vaults_little_ls, v_misc_17, nicolae_vaults_asterisk,
          vaults_dpeg_cross, nicolae_vaults_network_square,
          nicolae_vaults_rhombus_6, v_pattern_1, door_vault, v_misc_15,
          layout_vaults_omnibox
Vaults:5: uniq_boris, uniq_mennas, uniq_saint_roka
Depths:1: layout_gridlike, rand_demon_pan_entry_1,
          pf_vacation_house_of_asmodeus, minmay_misc_feat_encased,
          nicolae_sif_muna_little_library, grunt_megastairs_4, minmay_shoptagon,
          uniq_sojobo, uniq_mara
Depths:2: hellmonk_destroyed_diamonds, layout_gridlike, rand_demon_pan_entry_9,
          grunt_mini_vestibule, kennysheep_flooded_box, special_room
          [special_room_mythical_zoo], infiniplex_staircase_pool_lava,
          serial_bayou_shore_b
Depths:3: abrahamwl_protected_by_tso_1, layout_cave_pools,
          grunt_hell_entry_dis_grunt, hangedman_decor_lopped,
          abyss_entry_flame_altar, rand_demon_pan_entry_5, minmay_shop_grove,
          infiniplex_staircase_pillars_3b, serial_bayou_shore_b, uniq_frederick
Depths:4: evilmike_zot_entry_gauntlet, layout_cave_pools, enter_ziggurat_a,
          gammafunk_ghost_tricky_traps, hellmouth_1
Zot:1:    layout_basic
Zot:2:    layout_misc_corridors, grunt_megastairs_2
Zot:3:    layout_basic, st_stairs_11, uniq_vv
Zot:4:    grunt_twist_and_shout, layout_concentric_octagons, basic_altar
Zot:5:    layout_gridlike, hangedman_zot_decor_tridents

Skill      XL: |  1  2  3  4  5  6  7  8  9 10 11 12 13 14 15 16 17 18 19 20 21 22 23 24 25 |
---------------+----------------------------------------------------------------------------+-----
Stealth        | 1 2 3 |  3.0
Fire Magic     | 1 2 4 |  4.0
Spellcasting   | 3 5 7 9 13 17 19 20 21 | 21.2
Poison Magic   | 4 5 |  5.0
Conjurations   | 5 6 7 12 13 | 13.1
Fighting       | 5 11 12 14 15 17 18 21 | 21.7
Polearms       | 2 |  2.0
Evocations     | 4 5 6 10 11 13 14 | 14.2
Ranged Weapons | 8 13 16 17 18 20 | 20.6
Dodging        | 4 10 14 15 | 15.1
Hexes          | 5 7 12 | 12.4
Armour         | 2 5 |  5.0
Transmutations | 4 6 |  6.0
Translocations | 2 6 |  6.0
Earth Magic    | 1 |  1.5
Summonings     | 6 |  6.0
Shields        | 3 5 6 |  6.0

Action                   |  1- 3 |  4- 6 |  7- 9 | 10-12 | 13-15 | 16-18 | 19-21 | 22-24 | 25-27 || total
-------------------------+-------+-------+-------+-------+-------+-------+-------+-------+-------++-------
Melee: Whip              |       |    25 |       |       |       |       |       |       |       ||    25
       Trident           |       |   222 |   388 |   435 |       |       |       |       |       ||  1045
       Punch             |       |     3 |     3 |     7 |       |       |       |       |       ||    13
       Arbalest          |       |       |       |       |     3 |       |       |       |       ||     3
       Halberd           |       |       |       |       |       |     1 |       |       |       ||     1
 Fire: Sling             |   155 |    39 |       |       |       |       |       |       |       ||   194
       Arbalest          |       |       |       |    62 |   740 |       |       |       |       ||   802
       Longbow           |       |       |       |       |   152 |  1444 |  1221 |   408 |       ||  3225
       Hand crossbow     |       |       |       |       |       |       |       |   804 |   331 ||  1135
Throw: Dart              |       |       |     6 |     3 |     3 |     1 |     1 |       |       ||    14
       Throwing net      |       |       |       |       |     2 |     1 |       |     1 |     1 ||     5
 Cast: Slow              |    27 |    12 |    20 |     6 |     1 |       |       |       |       ||    66
       Mephitic Cloud    |       |       |    21 |    93 |    30 |     5 |       |       |       ||   149
       Conjure Flame     |       |       |     6 |    11 |     7 |     6 |       |       |       ||    30
       Ignite Poison     |       |       |     3 |    47 |   101 |    45 |    54 |    42 |       ||   292
       Sticky Flame      |       |       |     4 |     6 |    13 |    11 |       |       |       ||    34
       Flame Wave        |       |       |       |     5 |     2 |     1 |       |       |       ||     8
       Portal Projectile |       |       |       |     2 |     6 |     1 |     2 |    32 |    11 ||    54
       Inner Flame       |       |       |       |     1 |     6 |       |       |       |       ||     7
       Olgreb's Toxic Ra |       |       |       |       |   144 |    95 |   121 |    80 |       ||   440
       Fulminant Prism   |       |       |       |       |    33 |    55 |    59 |    13 |       ||   160
       Apportation       |       |       |       |       |     4 |       |       |     1 |     2 ||     7
       Iskenderun's Batt |       |       |       |       |       |    19 |    30 |     4 |       ||    53
       Fireball          |       |       |       |       |       |    32 |     6 |       |       ||    38
       Irradiate         |       |       |       |       |       |    20 |    42 |    56 |    24 ||   142
       Passage of Golubr |       |       |       |       |       |       |    11 |    16 |       ||    27
       Yara's Violent Un |       |       |       |       |       |       |     3 |     6 |     2 ||    11
       Blink             |       |       |       |       |       |       |     1 |     2 |     1 ||     4
       Conjure Ball Ligh |       |       |       |       |       |       |     3 |    16 |     3 ||    22
       Spellforged Servi |       |       |       |       |       |       |       |    50 |    19 ||    69
       Borgnjor's Vile C |       |       |       |       |       |       |       |    32 |    24 ||    56
       Iron Shot         |       |       |       |       |       |       |       |     2 |       ||     2
       Dispersal         |       |       |       |       |       |       |       |     1 |     2 ||     3
       Passwall          |       |       |       |       |       |       |       |     1 |       ||     1
       Discord           |       |       |       |       |       |       |       |       |     5 ||     5
Invok: Curse Item        |       |       |     4 |     2 |     2 |     1 |     2 |     4 |       ||    15
       Shatter the Chain |       |       |       |     1 |     2 |       |     1 |     1 |       ||     5
Evoke: Wand              |       |       |    10 |     6 |     7 |     8 |    12 |     2 |     1 ||    46
       Lightning rod     |       |       |       |       |       |     8 |     1 |    12 |       ||    21
       Condenser vane    |       |       |       |       |       |     1 |     3 |     2 |     1 ||     7
       Box of beasts     |       |       |       |       |       |     1 |     3 |     2 |     1 ||     7
       Phantom mirror    |       |       |       |       |       |       |       |     2 |       ||     2
       Tin of tremorston |       |       |       |       |       |       |       |     4 |     1 ||     5
  Use: Scroll            |     4 |     4 |     3 |     6 |     8 |    17 |    18 |    16 |    15 ||    91
       Potion            |       |     5 |     1 |     2 |     5 |     3 |     8 |     7 |     7 ||    38
 Stab: Sleeping          |       |    10 |     2 |     7 |       |       |       |       |       ||    19
       Distracted        |       |     1 |       |       |     1 |       |       |       |       ||     2
       Paralysed         |       |       |     9 |       |       |       |       |       |       ||     9
       Confused          |       |       |     9 |    23 |       |       |       |       |       ||    32
       Invisible         |       |       |       |       |       |     1 |       |       |       ||     1
Armor: Robe              |    18 |     7 |       |       |       |       |       |       |       ||    25
       Leather armour    |       |   105 |    74 |       |       |       |       |       |       ||   179
       Steam dragon scal |       |       |    47 |   145 |    33 |       |       |       |       ||   225
       Skin              |       |       |     9 |       |    43 |       |       |     7 |       ||    59
       Acid dragon scale |       |       |       |       |   155 |   238 |   160 |   188 |    92 ||   833
Dodge: Dodged            |    56 |   123 |   235 |   246 |   272 |   503 |   256 |   419 |   187 ||  2297
       Repelled          |       |       |       |       |       |       |       |    21 |     7 ||    28
Block: Buckler           |       |       |       |       |       |       |       |   151 |    84 ||   235

Table legend: (Time is in decaauts)
 A = Elapsed time spent in this place.
 B = Non-inter-level travel time spent in this place.
 C = Inter-level travel time spent in this place.
 D = Time resting spent in this place.
 E = Time spent auto-exploring this place.
 F = Levels seen in this place.
 G = Mean time per level.
                   A        B        C        D        E       F      G
               +--------+--------+--------+--------+--------+-----+--------+
         Total |  87965 |  75525 |  12440 |  14698 |  45209 |  54 | 1629.0 |
       Dungeon |  25086 |  19648 |   5438 |   2877 |  12960 |  15 | 1672.4 |
          Lair |  10130 |   8762 |   1368 |   1464 |   5644 |   5 | 2026.0 |
        Shoals |   6622 |   5925 |    697 |    944 |   3957 |   4 | 1655.5 |
     Snake Pit |  10949 |   8743 |   2206 |   2949 |   4033 |   4 | 2737.2 |
    Slime Pits |   1169 |   1131 |     38 |    519 |     66 |   5 |  233.8 |
  Orcish Mines |   2732 |   2125 |    607 |    628 |   1099 |   2 | 1366.0 |
   Elven Halls |   3623 |   3165 |    458 |    285 |   2292 |   3 | 1207.7 |
        Vaults |  13412 |  12462 |    950 |   2634 |   7145 |   5 | 2682.4 |
        Depths |   6223 |   5801 |    422 |    400 |   4394 |   4 | 1555.8 |
           Zot |   6591 |   6337 |    254 |   1613 |   3109 |   5 | 1318.2 |
        Bailey |    775 |    775 |      0 |      7 |    392 |   1 |  775.0 |
      Gauntlet |    649 |    649 |      0 |    376 |    116 |   1 |  649.0 |
               +--------+--------+--------+--------+--------+-----+--------+

Top non-repeatable levels by time:
Vaults:5: 4266 daAuts
  Lair:5: 3199 daAuts
 Snake:2: 3038 daAuts
    D:14: 2854 daAuts
 Snake:3: 2770 daAuts
 Snake:1: 2701 daAuts
Vaults:3: 2475 daAuts
Vaults:1: 2455 daAuts
 Snake:4: 2439 daAuts
     D:8: 2437 daAuts
  Lair:2: 2197 daAuts
Vaults:2: 2161 daAuts
     D:5: 2135 daAuts
Vaults:4: 2054 daAuts
Shoals:1: 1970 daAuts

Table legend:
 A = Kills in this place as a percentage of kills in entire the game.
 B = Kills by you in this place as a percentage of kills by you in the entire game.
 C = Kills by friends in this place as a percentage of kills by friends in the entire game.
 D = Other kills in this place as a percentage of other kills in the entire game.
 E = Experience gained in this place as a percentage of experience gained in the entire game.
 F = Experience gained in this place divided by the number of levels of this place that you have seen.
                   A       B       C       D       E      F
               +-------+-------+-------+-------+-------+----------------------
         Total | 100.0 | 100.0 | 100.0 | 100.0 | 100.0 | 24088.2
       Dungeon |  17.9 |  18.5 |   0.9 |  36.6 |   5.1 | 4379.8
          Lair |   9.4 |   9.9 |   0.0 |   9.8 |   4.9 | 12768.6
        Shoals |   8.9 |   9.6 |   0.0 |   0.0 |   8.6 | 28045.0
     Snake Pit |   9.1 |   9.6 |   0.0 |   7.3 |   9.3 | 30096.2
    Slime Pits |   2.5 |   1.9 |  13.9 |   0.0 |   3.0 | 7717.4
  Orcish Mines |   6.5 |   6.9 |   0.0 |   0.0 |   1.2 | 7589.5
   Elven Halls |   5.5 |   5.3 |   9.6 |   2.4 |   7.0 | 30510.0
        Vaults |  18.3 |  19.3 |   7.0 |   0.0 |  25.1 | 65176.0
        Depths |  10.6 |  10.3 |  20.9 |   0.0 |  15.7 | 51075.2
           Zot |   9.0 |   6.9 |  47.8 |   2.4 |  19.8 | 51440.8
        Bailey |   1.8 |   1.1 |   0.0 |  41.5 |   0.2 | 2003.0
      Gauntlet |   0.5 |   0.6 |   0.0 |   0.0 |   0.3 | 3974.0
               +-------+-------+-------+-------+-------+----------------------
